 Dungeon Crawl Stone Soup version 0.29-a0-676-ga64570c9d2 (webtiles) character file.

Game seed: 5889040622191041457

103 Newt the Insei (level 4, -8/28 HPs)
             Began as an Octopode Transmuter on June 24, 2022.
             Mangled by a goblin
             ... wielding a +1 dagger of electrocution
             ... led by Robin
              (19 damage)
             ... on level 3 of the Dungeon.
             The game lasted 00:03:37 (3098 turns).

Newt the Insei (Octopode Transmuter)                Turns: 3098, Time: 00:03:38

Health: -8/28      AC:  1    Str: 11    XL:     4   Next: 79%
Magic:  4/7        EV: 13    Int: 15    God:
Gold:   72         SH:  5    Dex: 12    Spells: 4/7 levels left

rFire   . . .      SeeInvis .     - Unarmed
rCold   . . .      Faith    .   (no shield)
rNeg    . . .      Spirit   .   (helmet currently unavailable)
rPois   .          Reflect  +   f - amulet of reflection
rElec   .          Harm     .   (no ring)
rCorr   .          Rampage  .   (no ring)
Will    .....                   (no ring)
Stlth   +++.......              (no ring)
HPRegen 0.09/turn               (no ring)
MPRegen 0.10/turn               (no ring)
                                (no ring)
                                (no ring)

@: appendages, wereblooded
A: tentacle spike 3, almost no armour, amphibious, 8 rings, camouflage 1,
gelatinous body 1, (nimble swimmer 1), tentacles
a: End Transformation


You were on level 3 of the Dungeon.
One of your tentacles had grown a beastly spike.
You visited 1 branch of the dungeon, and saw 3 of its levels.

You collected 72 gold pieces.

Inventory:

Jewellery
 f - an amulet of reflection (around mantle)
Scrolls
 a - a scroll of teleportation {unknown}
 b - a scroll of magic mapping {unknown}
 e - 2 scrolls of identify {unknown}
 h - a scroll of vulnerability {unknown}
 i - a scroll of brand weapon {unknown}
Potions
 c - a potion of magic {unknown}
 d - a potion of haste {unknown}
 g - a potion of curing {unknown}


   Skills:
 + Level 1.5 Fighting
 + Level 2.6 Dodging
 + Level 1.6 Stealth
 + Level 4.2 Unarmed Combat
 + Level 2.2 Spellcasting
 + Level 2.3 Transmutations


You had 4 spell levels left.
You knew the following spells:

 Your Spells              Type           Power      Damage    Failure   Level
a - Beastly Appendage     Tmut           16%        N/A       9%          1
b - Wereblood             Tmut           8%         N/A       13%         2

Your spell library contained the following spells:

 Spells                   Type           Power      Damage    Failure   Level
 Spider Form              Tmut/Pois      5%         N/A       38%         3
 Ice Form                 Ice/Tmut       5%         N/A       80%         4


Dungeon Overview and Level Annotations

Branches:
Dungeon (3/15)

Altars:

Shops:
D:2 =

Annotations:
D:3 Robin


Innate Abilities, Weirdness & Mutations

One of your tentacles has grown a beastly spike.
You cannot wear most types of armour.
You are amphibious.
You can wear up to eight rings at the same time.
Your skin changes colour to match your surroundings (Stealth+).
Your rubbery body absorbs attacks. (AC +1, EV +1)
((You are camouflaged when in or above water. (Stealth+)))
You have tentacles for arms and can constrict up to eight enemies at once.


Message History

Robin, 3 goblins and 2 hobgoblins come into view.
Robin is wielding a +0 mace and wearing a +1 helmet of see invisible.
Robin shouts!
The adder hisses angrily.
Robin roars a battlecry!
The goblins go into a battle-frenzy!
A goblin comes into view. It is wielding a +0 club.
The adder barely misses you.
The hobgoblin shouts!
Casting: Beastly Appendage (safe; 9% risk of failure)
Confirm with . or Enter, or press ? or * to list all spells.
One of your tentacles grows a vicious spike.
The goblin shouts!
You block the adder's attack. Robin throws the goblin at you!
The goblin closely misses you.
Casting: Beastly Appendage (safe; 9% risk of failure)
Confirm with . or Enter, or press ? or * to list all spells.
Your blood is infused with primal strength.
You block the adder's attack.
A goblin comes into view. It is wielding a +0 dagger.
You block the goblin's attack. The adder bites you.
You closely miss the adder. Your grab misses the adder.
You pierce the adder.
The adder is moderately wounded.
Robin throws the goblin at you! The hobgoblin closely misses you.
A goblin comes into view. It is wielding a +0 club.
The goblin hits you with a +0 dagger. x2; You block the adder's attack.
You bludgeon the adder!
You feel a bit better.
You kill the adder!
You block the hobgoblin's attack. The goblin completely misses you.
The goblin closely misses you.
You tentacle-slap the hobgoblin. Your grab misses the hobgoblin.
You pierce the hobgoblin.
You feel a bit better.
You kill the hobgoblin!
The hobgoblin barely misses you. You block the goblin's attack.
The goblin hits you with a +0 dagger.
You barely miss the goblin. Your grab misses the goblin.
The hobgoblin misses you.
The goblin hits you with a +1 dagger of electrocution.
You are electrocuted!!
Ouch! That really hurt!
You die... #...# ### #...# .. #...# ## ##.. #...#########.. .g. +...'......... #gg

#...#.#####..## #g#
#...#.# #....
###gg###^..#.# ....#
#<..g@.....#.#####.#.#
####gg#.####.........#
##.#.# #######'###
#.#.# .........# #...#
.........# +...#
........)# ##..#
.......).# .#.#
#######'## #.#


You could see 2 hobgoblins and 7 goblins.

Vanquished Creatures
  3 adders
  5 dart slugs
  2 bats (D:1)
  2 endoplasms (D:1)
  9 goblins
  11 hobgoblins
  7 jackals
  7 kobolds
  2 quokkas (D:1)
  2 ball pythons (D:1)
  4 frilled lizards (D:1)
  4 rats
58 creatures vanquished.

Notes
Turn   | Place    | Note
-------+----------+-------------------------------------------
     0 | D:1      | Newt the Octopode Transmuter began the quest for the Orb.
     0 | D:1      | Reached XP level 1. HP: 13/13 MP: 3/3
   307 | D:1      | Reached XP level 2. HP: 18/18 MP: 5/5
   794 | D:1      | Reached XP level 3. HP: 23/23 MP: 6/6
  1065 | D:1      | Found a faded altar of an unknown god.
  1618 | D:2      | Found Dokk's Jewellery Boutique.
  1927 | D:2      | Reached skill level 1 in Stealth
  2032 | D:2      | Reached XP level 4. HP: 28/28 MP: 7/7
  2641 | D:2      | Reached skill level 4 in Unarmed Combat
  2948 | D:3      | Learned a level 2 spell: Wereblood
  3092 | D:3      | Noticed Robin
  3098 | D:3      | Mangled by a goblin

Illustrated notes

Levels and vault maps discovered:
D:1:      eino_arrival_druids_welcome, layout_loops_cross, serial_rivers,
          chequers_serial_rivers_small_a, chequers_serial_rivers_small_b,
          chequers_serial_rivers_micro_c, chequers_serial_rivers_micro_c,
          chequers_serial_rivers_room_a, shapermc_ecumenical_altar_mp_highgroup,
          minmay_tall_x
D:2:      cheibrodos_greedy_goblins, layout_basic, serial_shops, shop_statue
D:3:      layout_basic, uniq_robin

Skill      XL: |  1  2  3  4 |
---------------+-------------+-----
Stealth        | 1 |  1.6
Unarmed Combat | 4 |  4.2
Fighting       | |  1.5
Dodging        | |  2.6
Spellcasting   | |  2.2
Transmutations | |  2.3

Action                   |  1- 3 |  4- 6 || total
-------------------------+-------+-------++-------
Melee: Unarmed           |    84 |    48 ||   132
       Tentacles         |    23 |     6 ||    29
       Constrict         |    25 |     9 ||    34
       Punch             |     1 |     1 ||     2
       Kick              |       |     5 ||     5
 Cast: Beastly Appendage |       |     2 ||     2
       Wereblood         |       |     1 ||     1
  Use: Potion            |       |     1 ||     1
 Stab: Sleeping          |     4 |     5 ||     9
       Distracted        |     1 |       ||     1
Armor: Skin              |     5 |    15 ||    20
Dodge: Dodged            |    44 |    35 ||    79
Block: Other             |     4 |    15 ||    19
       Reflection        |       |     1 ||     1

Table legend: (Time is in decaauts)
 A = Elapsed time spent in this place.
 B = Non-inter-level travel time spent in this place.
 C = Inter-level travel time spent in this place.
 D = Time resting spent in this place.
 E = Time spent auto-exploring this place.
 F = Levels seen in this place.
 G = Mean time per level.
                   A        B        C        D        E       F      G
               +--------+--------+--------+--------+--------+-----+--------+
         Total |   3088 |   3055 |     33 |    746 |   1996 |   3 | 1029.3 |
       Dungeon |   3088 |   3055 |     33 |    746 |   1996 |   3 | 1029.3 |
               +--------+--------+--------+--------+--------+-----+--------+

Top non-repeatable levels by time:
     D:2: 1550 daAuts
     D:1: 1373 daAuts
     D:3: 165 daAuts
